 Dungeon Crawl Stone Soup version 0.30.0-20-g3615ddf2f0 (webtiles) character file.

Game seed: 13872717429260710177

56 qw the Chopper (level 3, 0/23 HPs)
             Began as a Gargoyle Fighter on May 30, 2023.
             Slain by a cerulean imp
             ... wielding a +2 spear
             ... summoned by Natasha
              (5 damage)
             ... on level 2 of the Dungeon.
             The game lasted 00:00:40 (1174 turns).

qw the Chopper (Gargoyle Fighter)                   Turns: 1174, Time: 00:00:40

Health: 0/23       AC: 10    Str: 21    XL:     3   Next: 97%
Magic:  3/3        EV:  9    Int:  8    God:
Gold:   93         SH:  4    Dex:  9    Spells: 2/2 levels left

rFire   . . .        Y - +0 war axe
rCold   . . .        c - +0 buckler
rNeg    + . .        b - +0 scale mail
rPois   inf          (no helmet)
rElec   +            (no cloak)
rCorr   .            (no gloves)
SInv    .            (no boots)
Will    .....        (no amulet) Stlth
                     (no ring)
HPRegen 0.23/turn    (no ring)
MPRegen 0.08/turn

%: no passive effects
@: slowed, very slow
A: sickness immunity, AC +3, negative energy resistance 1, electricity
resistance, torment resistance 1, petrification resistance
a: no special abilities


You were on level 2 of the Dungeon.
You visited 1 branch of the dungeon, and saw 2 of its levels.

You collected 93 gold pieces.


Innate Abilities, Weirdness & Mutations

You are immune to sickness and miasma.
Your stone body is resilient. (AC +3)
You are immune to poison.
You resist negative energy. (rN+)
You are resistant to electric shocks. (rElec)
You are resistant to unholy torment.
You are immune to petrification.


   Skills:
 - Level 3.2 Fighting
 + Level 3.7 Axes
 - Level 3.2 Armour
 - Level 3.2 Shields


You had 2 spell levels left.
You didn't know any spells.
Your spell library was empty.

Inventory:

Hand Weapons
 i - a +0 whip
 Y - a +0 war axe (weapon)
Armour
 b - a +0 scale mail (worn)
 c - a +0 buckler (worn)
 g - a +0 helmet
Scrolls
 a - a scroll of identify
 e - a scroll of noise {unknown}
Potions
 d - 2 potions of might
 f - 2 potions of mutation
 j - a potion of heal wounds {unknown}

Dungeon Overview and Level Annotations

Branches:
Dungeon (2/15)

Altars:
Xom

Annotations:
D:2 Natasha


Message History

You resist with significant effort.
You slash Natasha!
Natasha is almost dead.
Natasha barely misses you. Natasha closely misses you.
You closely miss Natasha.
Natasha is almost dead.
Natasha stares at you and mumbles some strange words.
You resist with significant effort.
You closely miss Natasha.
Natasha is almost dead.
Natasha howls an incantation.
You feel disoriented. Natasha claws you! Natasha claws you.
You closely miss Natasha.
Natasha is almost dead.
Natasha casts a spell at you.
You feel yourself slow down.
You barely miss Natasha.
Natasha is almost dead.
Natasha claws you. Natasha casts a spell at you.
You feel as though you will be slow longer.
You barely miss Natasha.
Natasha is severely wounded.
Natasha wildly gestures.
You feel troubled. Natasha claws you but does no damage.
Natasha stares at you and mumbles some strange words.
The magic dart hits you.
You closely miss Natasha.
Natasha is severely wounded.
Natasha barely misses you. Natasha claws you but does no damage.
You closely miss Natasha.
Natasha is severely wounded.
Natasha casts a spell.
Natasha mumbles some strange words.
You barely miss Natasha.
Natasha is heavily wounded.
Natasha closely misses you.
The cerulean imp hits you from afar with a +2 spear.
You die...

#.......####.....# #..
#........##..#..#. #..
###.###........... #..##
#%.........#.## #...##
##.##.#....%...##
##.#..###..##.#.....!.....
#.....#...#..............#
##.(..........##..........#
#...........h.##@....##...#
..#....##.....#.h....# .###
......###.....#.5.5..# .
...##.###.......#.#### #.#
..#.....#......##.. #.# .
#..##.........###. #.# ###.
.>... ##..#..##...#. #.#
... ..... ##.##.(# .....###
#.###.# #..## #......#
#....##.....#


You could see Natasha and 2 cerulean imps.

Vanquished Creatures
  Natasha (D:2)
  2 dart slugs (D:1)
  2 ball pythons (D:1)
  An endoplasm (D:1)
  3 giant cockroaches
  3 goblins
  5 hobgoblins
  2 quokkas (D:2)
  3 bats (D:1)
  A frilled lizard (D:2)
  2 rats
  A spectral kobold (D:1)
26 creatures vanquished.

Notes
Turn   | Place    | Note
-------+----------+-------------------------------------------
     0 | D:1      | qw the Gargoyle Fighter began the quest for the Orb.
     0 | D:1      | Reached XP level 1. HP: 14/14 MP: 1/1
     0 | D:1      | 0 ||| qw: Version: 0.2-a-102-g2b76a06
     0 | D:1      | 0 ||| qw: Game counter: 470
     0 | D:1      | 0 ||| qw: Always use a shield: true
     0 | D:1      | 0 ||| qw: God list: Okawaru
     0 | D:1      | 0 ||| qw: Allow faded altars: false
     0 | D:1      | 0 ||| qw: Do Orc after D:15 true
     0 | D:1      | 0 ||| qw: Do second Lair branch before Depths: true
     0 | D:1      | 0 ||| qw: Lair rune preference: random
     0 | D:1      | 0 ||| qw: Plans: Normal, Zot:1-4, Slime:5, God:TSO, Crypt,
                  | Tomb, Pan, Hells, Abyss, Win
     0 | D:1      | 0 ||| PLANNING D:1-11
     6 | D:1      | Noticed a swamp drake
     6 | D:1      | Noticed a scorpion
    54 | D:1      | 54 ||| Stepping ~*~*~tactically~*~*~ (hiding).
    76 | D:1      | Found a faded altar of an unknown god.
   171 | D:1      | Reached XP level 2. HP: 19/19 MP: 2/2
   313 | D:1      | 313 ||| DROPPING +2 hand axe of electrocution.
   757 | D:1      | Reached skill level 3 in Axes
   791 | D:1      | Reached XP level 3. HP: 22/23 MP: 3/3
   913 | D:1      | 913 ||| READING 4 scrolls labelled GEZ VISOLIDAU.
   914 | D:1      | 914 ||| READING scroll labelled RORAUBRONOYTH.
   915 | D:1      | 915 ||| READING 3 scrolls of identify.
   915 | D:1      | 915 ||| IDENTIFYING metallic ruby potion
   916 | D:1      | 916 ||| READING 2 scrolls of identify.
   916 | D:1      | 916 ||| IDENTIFYING fuming puce potion
   917 | D:1      | 917 ||| DROPPING potion of flight.
   991 | D:2      | Found a shimmering altar of Xom.
  1118 | D:2      | Noticed Natasha
  1132 | D:2      | Killed Natasha
  1159 | D:2      | Noticed Natasha
  1160 | D:2      | 1160 ||| Stepping ~*~*~tactically~*~*~ (stealth).
  1171 | D:2      | HP: 3/23 [Natasha/magic dart (6)]
  1174 | D:2      | Slain by a cerulean imp

Levels and vault maps discovered:
D:1:      onia_arrival_zoo_common, layout_basic,
          dreamdust_ecumenical_altar_drowned_temple
D:2:      cheibrodos_old_hovel, layout_rooms, basic_altar, uniq_natasha

Skill      XL: |  1  2 |
---------------+-------+-----
Axes           | 2 3 |  3.7
Fighting       | |  3.2
Armour         | |  3.2
Shields        | |  3.2

Action                     || total
---------------------------++-------
  Melee: War axe           ||   113
    Use: Scroll            ||     4
 Armour: Scale mail        ||    59
  Dodge: Dodged            ||    49
  Block: Buckler           ||    16

Table legend:
 A = Non-vault XP
 B = Vault XP
 C = Vault XP percentage of total XP
 D = Non-vault monster count
 E = Vault monster count
 F = Vault count percentage of total count
                 A         B        C        D         E       F
            +---------+---------+-------+---------+---------+-------
      Total |      43 |      38 |  46.9 |      23 |       3 |  11.5
            +---------+---------+-------+---------+---------+-------
        D:1 |      34 |       1 |   2.9 |      17 |       1 |   5.6
        D:2 |       9 |      37 |  80.4 |       6 |       2 |  25.0
            +---------+---------+-------+---------+---------+-------
